 Dungeon Sprint DCSS version 0.29-a0-321-gf1c400731a (webtiles) character file.

Game seed: 9848501857151965497

67276 Turgor the Severer (level 15, -4/130 HPs)
             Began as a Gnoll Brigand on Apr 4, 2022.
             Was the Champion of Qazlal.
             Killed from afar by a hellephant (32 damage)
             ... with a blast of flame
             ... in the Dungeon (Sprint V: "Ziggurat Sprint").
             The game lasted 00:51:07 (1914 turns).

Turgor the Severer (Gnoll Brigand)                  Turns: 1914, Time: 00:51:08

Health: -4/130     AC: 30    Str: 23    XL:     15   Next: 22%
Magic:  5/34       EV: 11    Int: 14    God:    Qazlal [******]
Gold:   0          SH: 44    Dex: 14    Spells: 16/44 levels left

rFire   + . .      SeeInvis +   C - +14 obsidian axe {vorpal, Mesm Drain Fly SInv}
rCold   + + .      Faith    .   D - +18 shield of the Gong {rElec rN+ Will+ EV-5}
rNeg    + . .      Spirit   .   v - +5 ice dragon scales
rPois   .          Reflect  +   O - +1 helmet {Int+3}
rElec   +          Harm     .   L - +2 cloak {rCorr}
rCorr   +          Rampage  .   (no gloves)
Will    ++...      Rage     1%  (no boots)
Stlth   +......... NoTele   +   d - amulet of reflection
HPRegen 0.31/turn               N - +6 ring of strength
MPRegen 0.24/turn               w - ring of Sudit {rF+ AC+4 Slay+5}

@: weakened, protected from fire, flying, mesmerised, studying 2 skills, repel
missiles, unable to read
A: fangs 1, strong nose, distributed training, berserk 1, inability to read
while threatened
a: Renounce Religion, Upheaval, Elemental Force, Disaster Area


You were in the Dungeon.
You worshipped Qazlal.
Qazlal was exalted by your worship.
You visited 1 branch

Inventory:

Hand Weapons
 o - the +11 hand axe of the Thing {vorpal, Int+3 Stlth+}
   (You took it off a necromancer in the Dungeon)

   It inflicts extra damage upon your enemies.
   Int:       It affects your intelligence (+3).
   Stlth:     It makes you more stealthy.
 x - a +5 broad axe
 y - a +5 fustibalus
 C - the +14 obsidian axe (weapon) {vorpal, Mesm Drain Fly SInv}
   (You found it in the Dungeon)

   It inflicts extra damage upon your enemies.
   It occasionally summons demons to assist the wielder when it strikes in
   combat.
   Its wielder is mesmerised by any visible foes.
   It cannot be unequipped while any foes are visible.
   SInv:      It lets you see invisible.
   Fly:       It grants you flight.
   Drain:     It drains your maximum health when unequipped.
 E - the +7 Singing Sword {vorpal, sonic wave}
   (You found it in the Dungeon)

   It inflicts extra damage upon your enemies.
   It radiates damaging sonic waves as it strikes, especially in combat
   involving dangerous or numerous foes.
 G - the +8 lance "Wyrmbane" {slay drac, rPois rF+ rC+ AC+3}
   (You found it in the Dungeon)

   It inflicts extra damage against dragons and draconians.
   AC:        It affects your AC (+3).
   rF:        It protects you from fire.
   rC:        It protects you from cold.
   rPois:     It protects you from poison.
 H - the +9 sword of Zonguldrok {reap}
   (You found it in the Dungeon)

   Any living foe damaged by it may be reanimated upon death as a zombie
   friendly to the wielder, with an increasing chance as more damage is dealt.
Missiles
 e - 3 curare-tipped darts (quivered)
Armour
 v - +5 ice dragon scales (worn)
 D - the +18 shield of the Gong (worn) {rElec rN+ Will+ EV-5}
   (You found it in the Dungeon)

   It is deafeningly noisy when blocking attacks.
   EV:        It affects your evasion (-5).
   rElec:     It insulates you from electricity.
   rN:        It protects you from negative energy.
   Will:      It increases your willpower.
 L - a +2 cloak of preservation (worn)
 O - a +1 helmet of intelligence (worn)
 U - +5 gold dragon scales
Magical Staves
 X - a staff of earth
Jewellery
 d - an amulet of reflection (around neck)
 w - the ring of Sudit (right hand) {rF+ AC+4 Slay+5}
   (You found it in the Dungeon)

   [ring of protection]

   AC:        It affects your AC (+4).
   Slay:      It affects your accuracy & damage with ranged weapons and melee
   (+5).
   rF:        It protects you from fire.
 A - a ring of poison resistance
 B - the amulet of Beogh's Envy {Faith *Corrode Int+6 Dex+5}
   (You found it in the Dungeon)

   [amulet of faith]

   It allows you to gain divine favour quickly.
   Int:       It affects your intelligence (+6).
   Dex:       It affects your dexterity (+5).
   *Corrode:  It may corrode you when you take damage.
 J - the ring "Jutudghept" {rF- rN+ rCorr Dex+8 SInv}
   (You found it in the Dungeon)

   [ring of resist corrosion]

   Dex:       It affects your dexterity (+8).
   rF:        It makes you vulnerable to fire.
   rN:        It protects you from negative energy.
   SInv:      It lets you see invisible.
   rCorr:     It protects you from acid and corrosion.
 M - a +6 ring of intelligence
 N - a +6 ring of strength (left hand)
 Y - a ring of protection from cold
 Z - the ring of Ekidaom {Wiz rF+ rN++ Will+}
   (You found it in the Dungeon)

   [ring of wizardry]

   It improves your spell success rate.
   rF:        It protects you from fire.
   rN:        It greatly protects you from negative energy.
   Will:      It increases your willpower.
Wands
 P - a wand of mindburst (6)
 Q - a wand of iceblast (6)
 R - a wand of acid (7)
Scrolls
 k - 4 scrolls of blinking
 q - 4 scrolls of amnesia
 r - 8 scrolls of fog
 s - a scroll of holy word
 t - 5 scrolls of identify
 u - 2 scrolls of fear
 K - 4 scrolls of enchant armour
 V - a scroll of brand weapon
Potions
 f - 10 potions of curing
 g - 10 potions of heal wounds
 h - 5 potions of haste
 i - 7 potions of magic
 j - a potion of berserk rage
 l - 2 potions of brilliance
 m - 2 potions of invisibility
 n - 4 potions of resistance
 p - 4 potions of might
Miscellaneous
 a - a phantom mirror
 b - a condenser vane
 c - a lightning rod (3/4)
 z - a tin of tremorstones (2/2)
 I - a piece from Xom's chessboard (15/15)
 T - a phial of floods
 W - a box of beasts


   Skills:
 + Level 15.8 Fighting
 + Level 15.8 Short Blades
 + Level 15.2 Long Blades
 + Level 20.2 Axes
 + Level 15.2 Maces & Flails
 + Level 15.2 Polearms
 + Level 15.2 Staves
 + Level 19.3 Slings
 + Level 15.2 Bows
 + Level 15.2 Crossbows
 + Level 15.8 Throwing
 + Level 15.2 Armour
 + Level 15.4 Dodging
 + Level 16.9 Stealth
 + Level 15.2 Shields
 + Level 15.2 Unarmed Combat
 + Level 15.2 Spellcasting
 + Level 12.9 Conjurations
 + Level 12.9 Hexes
 + Level 12.9 Summonings
 + Level 12.9 Necromancy
 + Level 12.9 Translocations
 + Level 12.9 Transmutations
 + Level 12.9 Fire Magic
 + Level 12.9 Ice Magic
 + Level 12.9 Air Magic
 + Level 12.9 Earth Magic
 + Level 12.9 Poison Magic
 + Level 16.5 Invocations
 + Level 15.2 Evocations


You had 16 spell levels left.
You knew the following spells:

 Your Spells              Type           Power      Damage    Failure   Level
a - Summon Small Mammal   Summ           100%       N/A       1%          1
b - Blink                 Tloc           92%        N/A       1%          2
c - Ignite Poison         Fire/Tmut/Pois 46%        N/A       1%          3
d - Vampiric Draining     Necr           46%        2d9       1%          3
e - Fulminant Prism       Conj/Hex       23%        3d13      1%          4
f - Olgreb's Toxic Radia  Pois           46%        N/A       1%          4
g - Summon Lightning Spi  Summ/Air       46%        N/A       1%          4
h - Wereblood             Tmut           46%        N/A       1%          2
i - Irradiate             Conj/Tmut      23%        3d21      3%          5

Your spell library contained the following spells:

 Spells                   Type           Power      Damage    Failure   Level
 Apportation              Tloc           92%        N/A       1%          1
 Pain                     Necr           100%       1d9       1%          1
 Shock                    Conj/Air       100%       1d9       1%          1
 Sting                    Tmut/Pois      100%       1d8       1%          1
 Passwall                 Tmut/Erth      38%        N/A       1%          2
 Conjure Flame            Conj/Fire      46%        6-21      1%          3
 Dazzling Flash           Conj/Hex       92%        N/A       1%          3
 Summon Guardian Golem    Hex/Summ       46%        N/A       1%          3
 Swiftness                Air            46%        N/A       1%          3
 Tukima's Dance           Hex            46%        N/A       1%          3
 Airstrike                Air            23%        N/A       1%          4
 Anguish                  Hex/Necr       23%        N/A       1%          4
 Dispel Undead            Necr           46%        3d18      1%          4
 Hailstorm                Conj/Ice       46%        3d11      1%          4
 Ice Form                 Ice/Tmut       46%        N/A       1%          4
 Passage of Golubria      Tloc           46%        N/A       1%          4
 Sticky Flame             Conj/Fire      46%        2d6       1%          4
 Summon Ice Beast         Ice/Summ       46%        N/A       1%          4
 Alistair's Intoxication  Tmut/Pois      30%        N/A       3%          5
 Blade Hands              Tmut           23%        N/A       3%          5
 Fireball                 Conj/Fire      23%        3d11      3%          5
 Lightning Bolt           Conj/Air       23%        1d38      3%          5
 Manifold Assault         Tloc           46%        N/A       3%          5
 Summon Mana Viper        Hex/Summ       46%        N/A       3%          5
 Yara's Violent Unravell  Hex/Tmut       23%        3d10      3%          5
 Conjure Ball Lightning   Conj/Air       23%        3x3d6     17%         6
 Simulacrum               Ice/Necr       23%        N/A       17%         6
 Starburst                Conj/Fire      23%        6d8       17%         6
 Enfeeble                 Hex            23%        N/A       67%         7
 Monstrous Menagerie      Summ           23%        N/A       67%         7
 Ozocubu's Refrigeration  Ice            23%        4d9       67%         7
 Spellforged Servitor     Conj/Summ      23%        N/A       67%         7
 Storm Form               Tmut/Air       23%        N/A       67%         7
 Summon Hydra             Summ           23%        N/A       67%         7
 Discord                  Hex            23%        N/A       100%        8
 Ignition                 Fire           23%        3d8       100%        8
 Lehudib's Crystal Spear  Conj/Erth      23%        10d6      100%        8
 Summon Horrible Things   Summ           23%        N/A       100%        8
 Chain Lightning          Conj/Air       23%        3d30      100%        9
 Fire Storm               Conj/Fire      23%        8d6       100%        9
 Shatter                  Erth           23%        3d20*     100%        9


Dungeon Overview and Level Annotations

Branches:
Dungeon (1/1)

Altars:
Ashenzari
Cheibriados
Dithmenos
Elyvilon
Fedhas
Gozag
Hepliaklqana
Kikubaaqudgha
Makhleb
Nemelex Xobeh
Okawaru
Qazlal
Ru
Sif Muna
Trog
Uskayaw
Vehumet
Wu Jian
Xom
Yredelemnul
Zin
The Shining One
Beogh
Jiyva
Lugonu


Innate Abilities, Weirdness & Mutations

You have very sharp teeth.
Your uncanny sense of smell can sniff out nearby items.
Your experience applies equally to all skills.
You tend to lose your temper in combat.
You sometimes lose the ability to read scrolls when taking damage.


Message History

Visions of slaying the salamander tyrant flood into your mind.
You block the salamander tyrant's attack.
PANG!
You block the searing wretch's attack.
GONNNNG!
You block the searing wretch's attack.
GONNNNG!
The searing wretch bites you.
* * * LOW HITPOINT WARNING * * *
The hellephant is engulfed in poison gas.
The hellephant looks as sick as possible!
You slice the salamander tyrant!!
You are no longer entranced.
You kill the salamander tyrant!
Qazlal accepts your kill.
You slash the searing wretch!
Visions of slaying the searing wretch flood into your mind.
You block the searing wretch's attack.
GONNNNG!
You block the searing wretch's attack.
GONNNNG!
You block the searing wretch's attack.
PANG!
The hellephant is engulfed in poison gas.
The hellephant looks as sick as possible!
You slice the searing wretch!! You open a gate to Pandemonium!
A demon appears!
You are no longer entranced.
You destroy the searing wretch!
Qazlal accepts your kill.
Visions of slaying the hellephant flood into your mind.
Aiming: Thunderbolt
Press: ? - help, Shift-Dir - straight line, f - hellephant
Aim: a hellephant (poison gas, moderately wounded, mesmerising, extremely poisoned)
The thunderbolt hits the hellephant.
The hellephant is moderately wounded.
The hellephant is engulfed in poison gas.
The hellephant looks as sick as possible!
The hellephant breathes flames at you. The blast of flame hits you!!
You resist.
You die...

∆∆∆∆∆∆∆∆∆ ▓.........
▓.Y§§§)§§§§§§§▓..▓.....▓
▓..§§≈§§§§§§§§▓.▓▓▓)).▓▓
▓..§§§§Y§§§§§§▓..▓()...▓
▓...§§§§§§§§§.▓.)).)©...
▓...§§§§§§§§..▓▓▓▓▓▓▓▓▓▓
▓.....)≈°§≈...▓...8©8...
▓≈≈▓.§.○.°.▓≈.▓..)..|.|.
▓.....4@○)≈≈≈.▓..)=)))..
▓....°.....≈..▓.........
▓.....°○○.....▓.÷...).).
▓▓▓▓▓▓▓▓▓▓▓▓▓▓▓..÷......
▓....).... ▓......... ∆
▓......... ▓....©....
▓▓▓▓▓▓▓▓▓▓


You could see 2 hellephants and a friendly rust devil (summoned).

Vanquished Creatures
  2 hellephants (D)
  2 searing wretches (D)
  8 fire giants (D)
  A frost giant (D)
  3 balrugs (D)
  A ghoul (D)
  A very ugly thing (D)
  2 vampire knights (D)
  An entropy weaver (D)
  3 blizzard demons (D)
  2 ice dragons (D)
  A jorogumo (D)
  6 salamander tyrants (D)
  A radroach (D)
  2 stokers (D)
  A two-headed ogre (shapeshifter) (D)
  4 hell hogs (D)
  A pharaoh ant (D)
  2 sun moths (D)
  An orb spider (D)
  A steelbarb worm (D)
  A wolf spider (D)
  3 necromancers (D)
  An ugly thing (D)
  A shining eye (D)
  A faun (shapeshifter) (D)
  A water nymph (shapeshifter) (D)
  2 cane toads (D)
  A torpor snail (D)
  2 demonic crawlers (D)
  A komodo dragon (D)
  A hellion (D)
  A rime drake (D)
  4 ice devils (D)
  2 freezing wraiths (D)
  A yaktaur (shapeshifter) (D)
  A polar bear (D)
  A tarantella (D)
  A troll (D)
  2 hornets (D)
  A wind drake (shapeshifter) (D)
  A dream sheep (shapeshifter) (D)
  2 slime creatures (D)
  A jumping spider (D)
  3 shadows (D)
  A yak (D)
  2 spriggans (shapeshifter) (D)
  A basilisk (shapeshifter) (D)
  A human (shapeshifter) (D)
  A redback (D)
  A golden eye (D)
  2 neqoxecs (D)
  A naga (D)
  2 water moccasins (D)
  A floating eye (D)
  An ice beast (D)
  14 orc warriors (D)
  A wolf (D)
  2 ogres (D)
  A phantom (D)
  2 bullfrogs (D)
  A necrophage (D)
  2 wights (D)
  A jelly (D)
  4 orc priests (D)
  2 orc wizards (D)
  An iguana (D)
  3 adders (D)
  A white imp (D)
  An adder skeleton (D)
  An adder zombie (D)
  An adder simulacrum (D)
  7 orcs (D)
  2 bat skeletons (D)
  A bat zombie (D)
  4 ball pythons (D)
  A ball python simulacrum (D)
  A ball python skeleton (D)
  2 giant cockroach simulacra (D)
  A giant cockroach zombie (D)
  A jackal simulacrum (D)
154 creatures vanquished.

Vanquished Creatures (collateral kills)
  2 stone giants (D)
  A hell hog (D)
  A steelbarb worm (D)
  An eye of devastation (D)
  An ice devil (D)
  A troll (D)
  2 orc warriors (D)
  A ball python (D)
10 creatures vanquished.

Vanquished Creatures (others)
  A frost giant (D)
1 creature vanquished.

Grand Total: 165 creatures vanquished

Notes
Turn   | Place    | Note
-------+----------+-------------------------------------------
     0 | D        | Turgor the Gnoll Brigand began the quest for the Orb.
     0 | D        | Reached XP level 1. HP: 20/20 MP: 1/1
     0 | D        | Found a shimmering blue altar of Sif Muna.
     0 | D        | Found a sacrificial altar of Ru.
     0 | D        | Found a bloodstained altar of Trog.
     0 | D        | Found a stormy altar of Qazlal.
     0 | D        | Found an iron altar of Okawaru.
     0 | D        | Found a sparkling altar of Nemelex Xobeh.
     0 | D        | Found a blossoming altar of Fedhas.
     0 | D        | Found the +6 Majin-Bo {vamp, MP+6 Int+6}
     0 | D        | Found the +9 heavy crossbow "Sniper" {vorpal, Acc+∞ SInv}
     0 | D        | Found the +10 dark maul {vorpal}
     0 | D        | Found the +15 Maxwell's patent armour {-Cast -Tele rElec
                  | Will+ rCorr}
     0 | D        | Found the +18 shield of the Gong {rElec rN+ Will+ EV-5}
     0 | D        | Found the +14 obsidian axe {vorpal, Mesm Drain Fly SInv}
     0 | D        | Found the +7 great mace "Firestarter" {inner flame, rF++}
     0 | D        | Found the +6 shillelagh "Devastator" {shatter}
     0 | D        | Found the +11 plutonium sword {Contam Stlth-}
     0 | D        | Found the +8 lance "Wyrmbane" {slay drac, rPois rF+ rC+
                  | AC+3}
     0 | D        | Found the +9 sword of Zonguldrok {reap}
     0 | D        | Found the +13 scythe of Curses {drain, Drain}
     0 | D        | Found the +5 sword of Power {vorpal}
     0 | D        | Found the +7 mace of Variability {chain chaos}
     0 | D        | Found the +7 Singing Sword {vorpal, sonic wave}
     0 | D        | Found the +8 storm bow {elec, penet}
     2 | D        | Found a transporter.
     2 | D        | Found an ancient bone altar of Kikubaaqudgha.
     2 | D        | Found a viscous altar of Jiyva.
     2 | D        | Found a corrupted altar of Lugonu.
     2 | D        | Found a hazy altar of Hepliaklqana.
     2 | D        | Found a burning altar of Makhleb.
     2 | D        | Found an opulent altar of Gozag.
   120 | D        | Became a worshipper of Qazlal Stormbringer
   128 | D        | Entered arena 2.
   128 | D        | Noticed an orc priest
   128 | D        | Found a transporter.
   132 | D        | Killed an orc priest
   133 | D        | Reached skill level 1 in Long Blades
   133 | D        | Reached skill level 1 in Axes
   133 | D        | Reached skill level 1 in Maces & Flails
   133 | D        | Reached skill level 1 in Polearms
   133 | D        | Reached skill level 1 in Staves
   133 | D        | Reached skill level 1 in Slings
   133 | D        | Reached skill level 1 in Bows
   133 | D        | Reached skill level 1 in Crossbows
   133 | D        | Reached skill level 1 in Armour
   133 | D        | Reached skill level 1 in Shields
   133 | D        | Reached skill level 1 in Unarmed Combat
   133 | D        | Reached skill level 1 in Spellcasting
   133 | D        | Reached skill level 1 in Conjurations
   133 | D        | Reached skill level 1 in Hexes
   133 | D        | Reached skill level 1 in Summonings
   133 | D        | Reached skill level 1 in Necromancy
   133 | D        | Reached skill level 1 in Translocations
   133 | D        | Reached skill level 1 in Transmutations
   133 | D        | Reached skill level 1 in Fire Magic
   133 | D        | Reached skill level 1 in Ice Magic
   133 | D        | Reached skill level 1 in Air Magic
   133 | D        | Reached skill level 1 in Earth Magic
   133 | D        | Reached skill level 1 in Poison Magic
   133 | D        | Reached skill level 1 in Evocations
   133 | D        | Reached XP level 2. HP: 23/26 MP: 1/4
   133 | D        | Reached XP level 3. HP: 29/32 MP: 1/5
   246 | D        | Entered arena 3.
   246 | D        | Noticed a water moccasin
   246 | D        | Found a transporter.
   253 | D        | Killed a water moccasin
   253 | D        | Reached * piety under Qazlal
   254 | D        | Reached skill level 5 in Fighting
   254 | D        | Reached skill level 5 in Short Blades
   254 | D        | Reached skill level 3 in Axes
   254 | D        | Reached skill level 5 in Throwing
   254 | D        | Reached XP level 4. HP: 40/40 MP: 5/8
   254 | D        | Reached XP level 5. HP: 46/46 MP: 5/9
   263 | D        | Got the ring of Sudit {rF+ AC+4 Slay+5}
   303 | D        | Entered arena 4.
   303 | D        | Noticed a naga
   303 | D        | Found a transporter.
   308 | D        | Reached ** piety under Qazlal
   313 | D        | Killed a naga
   314 | D        | Reached skill level 4 in Axes
   314 | D        | Reached skill level 5 in Dodging
   314 | D        | Reached XP level 6. HP: 51/53 MP: 10/12
   330 | D        | Entered arena 5.
   330 | D        | Noticed a water moccasin
   330 | D        | Found a transporter.
   333 | D        | Killed a water moccasin
   333 | D        | Reached *** piety under Qazlal
   334 | D        | Reached skill level 5 in Invocations
   341 | D        | Got the Compendium of Calling and Toxins
   348 | D        | Got the +10 plate armour of Nygrauh {Str+6}
   350 | D        | Entered arena 6.
   350 | D        | Found a transporter.
   358 | D        | Reached **** piety under Qazlal
   359 | D        | Reached skill level 5 in Long Blades
   359 | D        | Reached skill level 5 in Axes
   359 | D        | Reached skill level 5 in Maces & Flails
   359 | D        | Reached skill level 5 in Polearms
   359 | D        | Reached skill level 5 in Staves
   359 | D        | Reached skill level 5 in Slings
   359 | D        | Reached skill level 5 in Bows
   359 | D        | Reached skill level 5 in Crossbows
   359 | D        | Reached skill level 5 in Armour
   359 | D        | Reached skill level 5 in Shields
   359 | D        | Reached skill level 5 in Unarmed Combat
   359 | D        | Reached skill level 5 in Spellcasting
   359 | D        | Reached skill level 5 in Evocations
   359 | D        | Reached XP level 7. HP: 60/60 MP: 14/14
   378 | D        | Got the Almanac of the Creative Traveller
   382 | D        | Entered arena 7.
   383 | D        | Found a transporter.
   390 | D        | Reached ***** piety under Qazlal
   415 | D        | Entered arena 8.
   416 | D        | Found a transporter.
   421 | D        | Reached skill level 6 in Axes
   421 | D        | Reached skill level 5 in Conjurations
   421 | D        | Reached skill level 5 in Hexes
   421 | D        | Reached skill level 5 in Summonings
   421 | D        | Reached skill level 5 in Necromancy
   421 | D        | Reached skill level 5 in Translocations
   421 | D        | Reached skill level 5 in Transmutations
   421 | D        | Reached skill level 5 in Fire Magic
   421 | D        | Reached skill level 5 in Ice Magic
   421 | D        | Reached skill level 5 in Air Magic
   421 | D        | Reached skill level 5 in Earth Magic
   421 | D        | Reached skill level 5 in Poison Magic
   421 | D        | Reached XP level 8. HP: 68/68 MP: 15/17
   423 | D        | Reached skill level 10 in Stealth
   426 | D        | Reached ****** piety under Qazlal
   427 | D        | Reached skill level 7 in Axes
   453 | D        | Entered arena 9.
   453 | D        | Noticed a shining eye
   453 | D        | Noticed a slime creature
   453 | D        | Noticed an eye of devastation
   453 | D        | Noticed a slime creature
   454 | D        | Found a transporter.
   454 | D        | Gained mutation: You sometimes lose the ability to read
                  | scrolls when taking damage. [a shining eye]
   456 | D        | Paralysed by a floating eye for 3 turns
   460 | D        | Killed a slime creature
   461 | D        | Reached skill level 8 in Axes
   461 | D        | Killed a slime creature
   462 | D        | Reached XP level 9. HP: 54/75 MP: 17/19
   463 | D        | Killed an eye of devastation
   464 | D        | Killed a shining eye
   465 | D        | Reached skill level 9 in Axes
   469 | D        | Got the ring "Jutudghept" {rF- rN+ rCorr Dex+8 SInv}
   471 | D        | Got the Grimoire of Evil Changing
   473 | D        | Got Sif Muna's Catalogue of the Rocks and Enchantment
   716 | D        | Entered arena 10.
   716 | D        | Found the +2 hood of the Assassin {Detection Stab+ Stlth++}
   716 | D        | Noticed a komodo dragon
   716 | D        | Noticed a cane toad
   716 | D        | Noticed a cane toad
   717 | D        | Killed a cane toad
   722 | D        | Killed a cane toad
   723 | D        | Reached skill level 10 in Axes
   723 | D        | Reached XP level 10. HP: 83/83 MP: 15/22
   726 | D        | Found a transporter.
   763 | D        | Learned a level 1 spell: Summon Small Mammal
   765 | D        | Entered arena 11.
   768 | D        | Found a transporter.
   790 | D        | Entered arena 12.
   790 | D        | Noticed an ice dragon
   790 | D        | Noticed a frost giant
   790 | D        | Noticed a blizzard demon
   791 | D        | Noticed a frost giant
   791 | D        | Noticed a blizzard demon
   797 | D        | Killed an ice dragon
   798 | D        | Reached skill level 10 in Fighting
   798 | D        | Reached skill level 10 in Short Blades
   798 | D        | Reached skill level 11 in Axes
   798 | D        | Reached skill level 10 in Throwing
   799 | D        | Killed a frost giant
   800 | D        | Reached skill level 10 in Invocations
   801 | D        | Killed a blizzard demon
   801 | D        | HP: 3/86 [frost giant/bolt of cold (12)]
   802 | D        | Reached skill level 12 in Axes
   802 | D        | Reached skill level 10 in Slings
   802 | D        | Reached skill level 10 in Dodging
   802 | D        | Reached XP level 11. HP: 3/92 MP: 8/24
   803 | D        | Killed a blizzard demon
   803 | D        | Killed a frost giant
   804 | D        | Reached skill level 10 in Long Blades
   804 | D        | Reached skill level 10 in Maces & Flails
   804 | D        | Reached skill level 10 in Polearms
   804 | D        | Reached skill level 10 in Staves
   804 | D        | Reached skill level 10 in Bows
   804 | D        | Reached skill level 10 in Crossbows
   804 | D        | Reached skill level 10 in Armour
   804 | D        | Reached skill level 10 in Shields
   804 | D        | Reached skill level 10 in Unarmed Combat
   804 | D        | Reached skill level 10 in Spellcasting
   804 | D        | Reached skill level 10 in Evocations
   811 | D        | Found a transporter.
   825 | D        | Got the Almanac of the Virous Volcanoes
   827 | D        | Got the Incunabulum of Dramatic Exits
   837 | D        | Got the amulet of Beogh's Envy {Faith *Corrode Int+6 Dex+5}
  1074 | D        | Entered arena 13.
  1074 | D        | Noticed a hell hog
  1074 | D        | Noticed a hellephant
  1074 | D        | Noticed a fire giant
  1074 | D        | Noticed a salamander tyrant
  1074 | D        | Noticed a salamander tyrant
  1074 | D        | Noticed a salamander tyrant
  1074 | D        | Noticed a fire giant
  1074 | D        | Noticed a searing wretch
  1075 | D        | Noticed a hellephant
  1075 | D        | Noticed a balrug
  1077 | D        | Reached skill level 13 in Axes
  1078 | D        | Killed a hell hog
  1078 | D        | Killed a salamander tyrant
  1078 | D        | Killed a salamander tyrant
  1078 | D        | Killed a salamander tyrant
  1078 | D        | Killed a fire giant
  1079 | D        | Reached skill level 14 in Axes
  1079 | D        | Killed a fire giant
  1080 | D        | Killed a balrug
  1081 | D        | Reached XP level 12. HP: 33/102 MP: 15/27
  1084 | D        | Killed a searing wretch
  1086 | D        | Found a transporter.
  1086 | D        | Killed a hellephant
  1087 | D        | Reached skill level 15 in Axes
  1088 | D        | Killed a hellephant
  1089 | D        | Reached skill level 10 in Conjurations
  1089 | D        | Reached skill level 10 in Hexes
  1089 | D        | Reached skill level 10 in Summonings
  1089 | D        | Reached skill level 10 in Necromancy
  1089 | D        | Reached skill level 10 in Translocations
  1089 | D        | Reached skill level 10 in Transmutations
  1089 | D        | Reached skill level 10 in Fire Magic
  1089 | D        | Reached skill level 10 in Ice Magic
  1089 | D        | Reached skill level 10 in Air Magic
  1089 | D        | Reached skill level 10 in Earth Magic
  1089 | D        | Reached skill level 10 in Poison Magic
  1158 | D        | Got Xavun's Incunabulum of Sinister Battle Magic
  1163 | D        | Got the Tome of Transformation and Calling
  1165 | D        | Got the ring of Nudyxzipt {Ice Stlth+}
  1446 | D        | Entered arena 14.
  1446 | D        | Noticed a stone giant
  1446 | D        | Noticed a stone giant
  1457 | D        | Killed a stone giant
  1462 | D        | Killed a stone giant
  1473 | D        | Reached skill level 16 in Axes
  1483 | D        | Found a transporter.
  1494 | D        | Got Ymited's Almanac of the Oath
  1510 | D        | Learned a level 2 spell: Blink
  1514 | D        | Learned a level 3 spell: Ignite Poison
  1518 | D        | Learned a level 3 spell: Vampiric Draining
  1523 | D        | Learned a level 4 spell: Fulminant Prism
  1523 | D        | Entered arena 15.
  1526 | D        | Noticed an ice dragon
  1526 | D        | Noticed a blizzard demon
  1531 | D        | Reached skill level 15 in Slings
  1532 | D        | Killed an ice dragon
  1532 | D        | Killed a blizzard demon
  1533 | D        | Reached XP level 13. HP: 103/111 MP: 23/29
  1535 | D        | Found a transporter.
  1571 | D        | Reached XP level 14. HP: 118/118 MP: 30/30
  1580 | D        | Learned a level 4 spell: Olgreb's Toxic Radiance
  1585 | D        | Learned a level 4 spell: Summon Lightning Spire
  1588 | D        | Learned a level 2 spell: Wereblood
  1588 | D        | Entered arena 16.
  1588 | D        | Noticed a cyan very ugly thing
  1591 | D        | Gained mutation: You tend to lose your temper in combat. [a
                  | neqoxec]
  1594 | D        | Reached skill level 17 in Axes
  1596 | D        | Killed a cyan very ugly thing
  1597 | D        | Reached skill level 15 in Stealth
  1600 | D        | Found a transporter.
  1616 | D        | Got Ekan's Papyrus of Doomed Attacks
  1623 | D        | Got the Disquisition on Combat Magic and Sinister Arts
  1652 | D        | Entered arena 17.
  1654 | D        | Noticed a ghoul
  1659 | D        | Noticed a vampire knight
  1660 | D        | Identified the +11 hand axe of the Thing {vorpal, Int+3
                  | Stlth+}
  1660 | D        | Noticed a vampire knight
  1665 | D        | Killed a ghoul
  1673 | D        | Killed a vampire knight
  1675 | D        | Killed a vampire knight
  1684 | D        | Found a transporter.
  1696 | D        | Got the Papyrus of the Supportive Birds
  1707 | D        | Learned a level 5 spell: Irradiate
  1720 | D        | Entered arena 18.
  1721 | D        | Noticed an entropy weaver
  1724 | D        | Killed an entropy weaver
  1725 | D        | Reached skill level 18 in Axes
  1729 | D        | Reached skill level 15 in Invocations
  1743 | D        | Found a transporter.
  1769 | D        | Got the ring of Ekidaom {Wiz rF+ rN++ Will+}
  1899 | D        | Entered arena 19.
  1901 | D        | Noticed a fire giant
  1901 | D        | Noticed a searing wretch
  1901 | D        | Noticed a fire giant
  1902 | D        | Noticed a hellephant
  1902 | D        | Noticed a balrug
  1902 | D        | Noticed a fire giant
  1902 | D        | Noticed a fire giant
  1903 | D        | Killed a fire giant
  1903 | D        | Noticed a fire giant
  1903 | D        | Killed a fire giant
  1904 | D        | Reached skill level 15 in Fighting
  1904 | D        | Reached skill level 15 in Short Blades
  1904 | D        | Reached skill level 19 in Axes
  1904 | D        | Reached skill level 15 in Throwing
  1904 | D        | Noticed a hellephant
  1905 | D        | Noticed a fire giant
  1905 | D        | Noticed a balrug
  1909 | D        | Killed a balrug
  1910 | D        | Killed a balrug
  1910 | D        | Killed a fire giant
  1910 | D        | Killed a fire giant
  1910 | D        | Killed a fire giant
  1910 | D        | Killed a fire giant
  1911 | D        | Reached skill level 15 in Long Blades
  1911 | D        | Reached skill level 20 in Axes
  1911 | D        | Reached skill level 15 in Maces & Flails
  1911 | D        | Reached skill level 15 in Polearms
  1911 | D        | Reached skill level 15 in Staves
  1911 | D        | Reached skill level 15 in Bows
  1911 | D        | Reached skill level 15 in Crossbows
  1911 | D        | Reached skill level 15 in Armour
  1911 | D        | Reached skill level 15 in Dodging
  1911 | D        | Reached skill level 15 in Shields
  1911 | D        | Reached skill level 15 in Unarmed Combat
  1911 | D        | Reached skill level 15 in Spellcasting
  1911 | D        | Reached skill level 15 in Evocations
  1911 | D        | Reached XP level 15. HP: 29/130 MP: 5/34
  1913 | D        | Killed a searing wretch
  1914 | D        | Killed from afar by a hellephant

Illustrated notes

Levels and vault maps discovered:
D:        sprint_v [room_start, room_1, room_2, room_3, room_4, room_5, room_6,
          room_7, room_8, room_9, room_10, room_11, room_12, room_13, room_14,
          room_15, room_16, room_17, room_18, room_19, room_20, room_21,
          room_22, room_23, room_24, room_25, room_26, room_27]

Skill      XL: |  1  2  3  4  5  6  7  8  9 10 11 12 13 14 |
---------------+-------------------------------------------+-----
Long Blades    | 1 3 4 5 6 7 8 9 11 12 15 | 15.2
Axes           | 1 3 4 5 6 8 10 12 14 16 20 | 20.2
Maces & Flails | 1 3 4 5 6 7 8 9 11 12 15 | 15.2
Polearms       | 1 3 4 5 6 7 8 9 11 12 15 | 15.2
Staves         | 1 3 4 5 6 7 8 9 11 12 15 | 15.2
Slings         | 1 3 4 5 6 7 8 10 13 15 19 | 19.3
Bows           | 1 3 4 5 6 7 8 9 11 12 15 | 15.2
Crossbows      | 1 3 4 5 6 7 8 9 11 12 15 | 15.2
Armour         | 1 3 4 5 6 7 8 9 11 12 15 | 15.2
Dodging        | 3 4 5 6 7 8 10 11 12 15 | 15.4
Stealth        | 8 9 10 11 12 13 14 16 | 16.9
Shields        | 1 3 4 5 6 7 8 9 11 12 15 | 15.2
Unarmed Combat | 1 3 4 5 6 7 8 9 11 12 15 | 15.2
Spellcasting   | 1 3 4 5 6 7 8 9 11 12 15 | 15.2
Conjurations   | 1 2 3 4 5 6 8 9 10 12 | 12.9
Hexes          | 1 2 3 4 5 6 8 9 10 12 | 12.9
Summonings     | 1 2 3 4 5 6 8 9 10 12 | 12.9
Necromancy     | 1 2 3 4 5 6 8 9 10 12 | 12.9
Translocations | 1 2 3 4 5 6 8 9 10 12 | 12.9
Transmutations | 1 2 3 4 5 6 8 9 10 12 | 12.9
Fire Magic     | 1 2 3 4 5 6 8 9 10 12 | 12.9
Ice Magic      | 1 2 3 4 5 6 8 9 10 12 | 12.9
Air Magic      | 1 2 3 4 5 6 8 9 10 12 | 12.9
Earth Magic    | 1 2 3 4 5 6 8 9 10 12 | 12.9
Poison Magic   | 1 2 3 4 5 6 8 9 10 12 | 12.9
Invocations    | 2 3 4 5 6 7 9 10 12 13 16 | 16.5
Evocations     | 1 3 4 5 6 7 8 9 11 12 15 | 15.2
Fighting       | 5 6 7 8 9 10 12 13 15 | 15.8
Short Blades   | 5 6 7 8 9 10 12 13 15 | 15.8
Throwing       | 5 6 7 8 9 10 12 13 15 | 15.8

Action                   |  1- 3 |  4- 6 |  7- 9 | 10-12 | 13-15 || total
-------------------------+-------+-------+-------+-------+-------++-------
Melee: Double sword      |     7 |    26 |    29 |       |       ||    62
       Bite              |     1 |       |     3 |       |     5 ||     9
       Broad axe         |       |       |     9 |    32 |    36 ||    77
 Cast: Irradiate         |       |       |       |       |     1 ||     1
Invok: Upheaval          |       |       |     2 |     8 |     3 ||    13
       Disaster Area     |       |       |       |     2 |     4 ||     6
       Elemental Force   |       |       |       |     1 |     3 ||     4
Evoke: Condenser vane    |       |       |       |     3 |     3 ||     6
       Lightning rod     |       |       |       |     2 |     3 ||     5
       Tin of tremorston |       |       |       |     1 |     1 ||     2
       Box of beasts     |       |       |       |     2 |       ||     2
       Wand              |       |       |       |     1 |     1 ||     2
       Phial of floods   |       |       |       |     1 |     1 ||     2
  Use: Potion            |     2 |       |     1 |     3 |     3 ||     9
 Stab: Paralysed         |       |       |       |       |     5 ||     5
Armor: Ice dragon scales |     3 |    12 |    15 |     6 |    16 ||    52
Dodge: Dodged            |     1 |     3 |     4 |     2 |     5 ||    15
       Repelled          |       |       |       |     1 |     1 ||     2
Block: Kite shield       |    13 |    50 |    71 |    41 |    63 ||   238
       Reflection        |       |       |       |     2 |       ||     2

Table legend: (Time is in decaauts)
 A = Elapsed time spent in this place.
 B = Non-inter-level travel time spent in this place.
 C = Inter-level travel time spent in this place.
 D = Time resting spent in this place.
 E = Time spent auto-exploring this place.
 F = Levels seen in this place.
 G = Mean time per level.
                   A        B        C        D        E       F      G
               +--------+--------+--------+--------+--------+-----+--------+
         Total |   1939 |   1939 |      0 |   1002 |      0 |   1 | 1939.0 |
       Dungeon |   1939 |   1939 |      0 |   1002 |      0 |   1 | 1939.0 |
               +--------+--------+--------+--------+--------+-----+--------+

Top non-repeatable levels by time:
       D: 1939 daAuts
